 Dungeon Sprint DCSS version 0.26-a0-1177-g1209ec82b9 (webtiles) character file.

Game seed: 12075541354431588195

10 reriks the Skirmisher (level 2, 0/20 HPs)
             Began as a Gargoyle Berserker on Dec 25, 2020.
             Was a Believer of Trog.
             Slain by a neqoxec (9 damage)
             ... in the Dungeon (Sprint II: "The Violet Keep of Menkaure").
             The game lasted 00:00:24 (245 turns).

reriks the Skirmisher (Gargoyle Berserker)           Turns: 245, Time: 00:00:24

Health: 0/20       AC:  5    Str: 20    XL:     2   Next: 20%
Magic:  2/2        EV: 12    Int:  7    God:    Trog [**....]
Gold:   243        SH:  0    Dex:  7    Spells: 1/1 levels left

rFire    . . .     SeeInvis .   a - +0 hand axe
rCold    . . .     Faith    .   (no shield)
rNeg     + . .     Spirit   .   b - +0 animal skin
rPois    ∞         Reflect  .   (no helmet)
rElec    +         Harm     .   (no cloak)
rCorr    .         Rampage  .   (no gloves)
Will     .....     NoTele   +   (no boots)
Stlth    +.........             (no amulet)
HPRegen  0.06/turn              (no ring)
MPRegen  0.08/turn              (no ring)

@: berserk cooldown, slowed, very slow
A: talons 1, clumsy 1, negative energy resistance 1, electricity resistance,
unbreathing, petrification resistance, miasma immunity, AC +2
a: Renounce Religion, Berserk, Trog's Hand


You were in the Dungeon.
You worshipped Trog.
Trog was pleased with you.
You visited 1 branch You collected 243 gold pieces.

Inventory:

Hand Weapons
 a - a +0 hand axe (weapon)
Armour
 b - a +0 animal skin (worn)
Scrolls
 h - a scroll of blinking
Potions
 c - a potion of curing
 d - a potion of heal wounds
 e - a potion of haste
 f - 2 potions of magic
 g - a potion of berserk rage


   Skills:
 + Level 4.0 Fighting
 + Level 3.3 Axes
 + Level 3.1 Armour
 + Level 2.3 Dodging


You had one spell level left.
You didn't know any spells.
Your spell library was empty.

Dungeon Overview and Level Annotations

Branches:
Dungeon (1/1)

Altars:


Innate Abilities, Weirdness & Mutations

You are resistant to torment.
Your stone body is resilient. (AC +2)
You are immune to poison.
You resist negative energy. (rN+)
You are resistant to electric shocks. (rElec)
You can survive without breathing.
You are immune to petrification.
You are immune to miasma.
You have sharp toenails.
You are clumsy. (Dex -2)


Message History

Something tries to feed on your intellect!
The neqoxec barely misses you.
You miss the neqoxec.
The neqoxec is moderately wounded.
You closely miss the neqoxec.
The neqoxec is moderately wounded.
The neqoxec closely misses you. The neqoxec hits you!
You hit the neqoxec but do no damage.
The neqoxec is moderately wounded.
Your skin stops crawling.
You feel less strong-willed. The neqoxec gestures at you.
Strange energies course through your body.
Your toenails lengthen and sharpen.
You hit the neqoxec. Your kick misses the neqoxec.
The neqoxec is moderately wounded.
The neqoxec closely misses you.
You hit the neqoxec.
The neqoxec is heavily wounded.
The neqoxec hits you!
You die...

##+#
##..###
#..##.#
##.#.####
##'###3#
##.##3#
+.<.@#
##.###
#+#


You could see 2 neqoxecs.

Vanquished Creatures
  3 worms (D)
3 creatures vanquished.

Vanquished Creatures (others)
  A water moccasin (D)
1 creature vanquished.

Grand Total: 4 creatures vanquished

Notes
Turn   | Place    | Note
-------+----------+-------------------------------------------
     0 | D        | reriks the Gargoyle Berserker began the quest for the Orb.
     0 | D        | Reached XP level 1. HP: 14/14 MP: 1/1
    13 | D        | Reached XP level 2. HP: 11/20 MP: 2/2
    17 | D        | Reached ** piety under Trog
    18 | D        | Reached skill level 4 in Fighting
    57 | D        | Killed a water moccasin
   224 | D        | Noticed a neqoxec
   226 | D        | Noticed a neqoxec
   238 | D        | Gained mutation: You are clumsy. (Dex -2) [a neqoxec]
   243 | D        | Gained mutation: You have sharp toenails. [a neqoxec]
   245 | D        | Slain by a neqoxec

Illustrated notes

Levels and vault maps discovered:
D:        the_violet_keep_of_menkaure [sprint2_stairs_cluster_1,
          sprint2_shoproom, sprint2_temple, sprint2_basic_supplies,
          sprint2_obstacle_5, sprint2_obstacle_3, sprint2_obstacle_2,
          sprint2_obstacle_6, sprint2_obstacle_4, sprint2_timed_cluster_1,
          sprint2_smallroom_cluster_1, sprint2_smallroom_final_cluster_1,
          sprint2_transparent_cluster_1, sprint2_second_timed_cluster_1,
          sprint2_sniper_area_1, sprint2_heavy_combat_area_1,
          sprint2_mutation_trap_area_1, sprint2_forest_area_1,
          sprint2_light_combat_area_1, sprint2_behind_water_1,
          sprint2_near_end_vault_1]

Skill      XL: |  1  2 |
---------------+-------+-----
Axes           | 3 |  3.3
Dodging        | 2 |  2.3
Armour         | 3 |  3.1
Fighting       | 4 |  4.0

Action                   || total
-------------------------++-------
Melee: Hand axe          ||    29
Invok: Berserk           ||     2
       Trog's Hand       ||     1
Armor: Animal skin       ||     1
Dodge: Dodged            ||    14

Table legend: (Time is in decaauts)
 A = Elapsed time spent in this place.
 B = Non-inter-level travel time spent in this place.
 C = Inter-level travel time spent in this place.
 D = Time resting spent in this place.
 E = Time spent auto-exploring this place.
 F = Levels seen in this place.
 G = Mean time per level.
                   A        B        C        D        E       F      G
               +--------+--------+--------+--------+--------+-----+--------+
         Total |    255 |    255 |      0 |    199 |      0 |   1 |  255.0 |
       Dungeon |    255 |    255 |      0 |    199 |      0 |   1 |  255.0 |
               +--------+--------+--------+--------+--------+-----+--------+

Top non-repeatable levels by time:
       D: 255 daAuts
